 Dungeon Crawl Stone Soup version 0.25-a0-492-g44cc58d149 (webtiles) character file.

Game seed: 18390610057195897919, levelgen mode: deterministic

2584 mopl the Quickloader (level 9, -2/81 HPs)
             Began as a Minotaur Hunter on Feb 11, 2020.
             Was a Believer of Okawaru.
             Slain by a troll (8 damage)
             ... on level 6 of the Dungeon.
             The game lasted 00:10:08 (6398 turns).

mopl the Quickloader (Minotaur Hunter)              Turns: 6398, Time: 00:10:08

Health: -2/81      AC:  8    Str: 21    XL:     9   Next: 32%
Magic:  9/10       EV: 12    Int:  8    God:    Okawaru [**....]
Gold:   591        SH:  0    Dex: 10    Spells: 8/8 levels left

rFire    . . .     SeeInvis .   a - +1 hand crossbow
rCold    . . .     Gourm    .   (no shield)
rNeg     . . .     Faith    .   u - +0 chain mail
rPois    .         Spirit   .   (helmet restricted)
rElec    .         Reflect  .   (no cloak)
rCorr    .         Harm     .   (no gloves)
MR       .....                  (no boots)
Stlth    ..........             (no amulet)
HPRegen  0.23/turn              (no ring)
MPRegen  0.12/turn              (no ring)

@: heroism, corroded
A: retaliatory headbutt, horns 2
a: Heroism, Renounce Religion


You were on level 6 of the Dungeon.
You worshipped Okawaru.
Okawaru was pleased with you.
You were very hungry.

You visited 2 branches of the dungeon, and saw 7 of its levels.
You also visited: Sewer and Ossuary.

You collected 591 gold pieces.

Inventory:

Hand Weapons
 a - a +1 hand crossbow (weapon)
 b - a +0 dagger of venom
 l - a +0 dagger of draining
 v - a +0 short sword
 x - a +2 flail of protection
Missiles
 d - 39 bolts (quivered)
 m - 31 poisoned darts
 s - 8 javelins
 B - 2 throwing nets
Armour
 r - +0 ice dragon scales
 u - a +0 chain mail (worn)
 H - a +0 robe of cold resistance
Wands
 t - a wand of digging (3)
 A - a wand of flame (24)
Scrolls
 g - 2 scrolls of random uselessness {unknown}
 i - 6 scrolls of remove curse
 j - a scroll of noise {unknown}
 k - 4 scrolls of teleportation
 n - 2 scrolls of enchant weapon {unknown}
 o - 3 scrolls of enchant armour {unknown}
 q - 3 scrolls of immolation {unknown}
 y - 2 scrolls of fear
 D - a scroll of summoning {unknown}
 F - a scroll of blinking {unknown}
Potions
 c - a potion of berserk rage {!q}
 e - 7 potions of curing
 h - 5 potions of ambrosia
 p - 3 potions of resistance
 w - a potion of mutation {!q}
 z - 3 potions of magic
 C - 2 potions of lignification {!q}
 E - 3 potions of heal wounds
 G - a potion of agility
Comestibles
 f - 9 rations


   Skills:
 + Level 8.2(13.2) Fighting
 + Level 8.4(13.4) Crossbows
 + Level 7.8(12.8) Armour
 + Level 5.0(10.0) Dodging
 - Level 0.7(5.7) Stealth
 + Level 3.5 Invocations


You had 8 spell levels left.
You didn't know any spells.
Your spell library was empty.

Dungeon Overview and Level Annotations

Branches:
Dungeon (6/15)             Temple (1/1) D:5           Sewer (visited)
Ossuary (visited)

Altars:
Ashenzari
Cheibriados
Elyvilon
Fedhas
Makhleb
Nemelex Xobeh
Okawaru
Qazlal
Ru
Trog
Vehumet
Wu Jian
The Shining One


Innate Abilities, Weirdness & Mutations

You reflexively headbutt those who attack you in melee.
You have a pair of horns on your head.


Message History

You shoot a bolt. The bolt hits the troll!
The troll is heavily wounded.
The troll misses you. The troll claws you!
* * * LOW HITPOINT WARNING * * *
The troll barely misses you.
Unknown command.
Firing (i - inventory. (/) - cycle)
d - 40 bolts (quivered)
Press: ? - help, Shift-Dir - straight line, f/p - troll
Aim: a troll (heavily wounded)
You shoot a bolt. The bolt closely misses the troll.
The troll barely misses you. You furiously retaliate!
You headbutt the troll, but do no damage.
The troll claws you.
* * * LOW HITPOINT WARNING * * *
The troll claws you but does no damage.
Unknown command.
The troll bites you!
* * * LOW HITPOINT WARNING * * *
The troll claws you!
You die...

..#.#####..#..#..#####
>.#.#......#..#......#
..#.#......#..#......#
....#..#####..#####..#
.####......#..#......#
....#......#..#......#
.##.#####..#..#..#####
.##.#...#..#..#..# .?#
.##.#.8.#..#..#.@#/[)#
....#...').#..#..T(.(#
.###########..########
.# #...###...#
.####.#.....###
........#####
.####.### ......#
.######


You could see a troll.

Vanquished Creatures
  Prince Ribbit (D:5)
  Sigmund (D:2)
  Menkaure (D:4)
  An acid dragon (D:6)
  Duvessa (D:6)
  An ice beast (D:6)
  A phantom (D:6)
  A black bear (D:6)
  3 ogres
  A big kobold (Sewer)
  Blork the orc (D:6)
  A bullfrog (D:6)
  Dowan (D:6)
  A wight (D:6)
  2 howler monkeys (D:6)
  A bullfrog zombie (D:5)
  2 orc priests (D:5)
  A bullfrog skeleton (D:6)
  A centaur skeleton (D:5)
  5 orc wizards (D:5)
  3 iguanas
  Terence (D:2)
  6 worker ants
  Natasha (thrice) (D:3)
  8 mummies (Ossuary)
  4 gnolls (D:6)
  11 adders
  3 river rats (D:3)
  2 oozes
  2 adder skeletons
  2 adder zombies
  2 worms
  2 leopard geckos
  13 orcs
  5 bats
  A giant cockroach (D:3)
  2 gnoll zombies (Ossuary)
  10 goblins
  7 hobgoblins
  14 jackals
  2 quokkas
  2 ball pythons
  4 frilled lizards
  2 hobgoblin zombies (Ossuary)
  A jackal skeleton (D:6)
  A jackal zombie (D:6)
  9 kobolds
  A kobold zombie (Ossuary)
  A leopard gecko skeleton (D:4)
  A leopard gecko zombie (D:6)
  3 orc zombies (Ossuary)
  A quokka skeleton (D:4)
  18 rats
175 creatures vanquished.

Notes
Turn   | Place    | Note
-------+----------+-------------------------------------------
     0 | D:1      | mopl the Minotaur Hunter began the quest for the Orb.
     0 | D:1      | Reached XP level 1. HP: 18/18 MP: 0/0
   211 | D:1      | Reached skill level 1 in Armour
   299 | D:1      | Reached XP level 2. HP: 21/25 MP: 1/1
   398 | D:1      | Reached skill level 3 in Fighting
   709 | D:2      | Noticed an ogre
   725 | D:2      | Killed an ogre
   725 | D:2      | Reached skill level 5 in Crossbows
   725 | D:2      | Reached skill level 2 in Armour
   725 | D:2      | Reached XP level 3. HP: 15/33 MP: 2/2
   725 | D:2      | Reached XP level 4. HP: 18/40 MP: 3/3
  1114 | D:2      | Noticed Terence
  1123 | D:2      | Killed Terence
  1123 | D:2      | Reached skill level 4 in Fighting
  1123 | D:2      | Reached skill level 3 in Armour
  1322 | D:2      | Found a sacrificial altar of Ru.
  1322 | D:2      | Found a shattered altar of Ashenzari.
  1324 | D:2      | Noticed Sigmund
  1369 | D:3      | Reached XP level 5. HP: 35/46 MP: 4/4
  1572 | D:3      | Found a glowing drain.
  1602 | Sewer    | Entered a sewer
  1748 | Sewer    | Reached skill level 4 in Armour
  1748 | Sewer    | Reached XP level 6. HP: 52/55 MP: 5/5
  2125 | D:3      | Noticed Natasha
  2130 | D:3      | Killed Natasha
  2130 | D:3      | Reached skill level 5 in Fighting
  2130 | D:3      | Reached skill level 6 in Crossbows
  2498 | D:2      | Killed Sigmund
  2498 | D:2      | Reached XP level 7. HP: 53/61 MP: 6/6
  2850 | D:3      | Noticed Natasha
  2858 | D:3      | Killed Natasha
  2858 | D:3      | Reached skill level 5 in Armour
  2959 | D:3      | Noticed Natasha
  2969 | D:3      | Killed Natasha
  3203 | D:4      | Reached skill level 6 in Fighting
  3585 | D:4      | Noticed Menkaure
  3602 | D:4      | Killed Menkaure
  3602 | D:4      | Reached skill level 7 in Crossbows
  3744 | D:4      | Reached skill level 6 in Armour
  4081 | D:5      | Entered Level 5 of the Dungeon
  4209 | D:5      | Found a radiant altar of Vehumet.
  4229 | D:5      | Reached XP level 8. HP: 71/71 MP: 7/7
  4245 | D:5      | Found a staircase to the Ecumenical Temple.
  4256 | Temple   | Entered the Ecumenical Temple
  4299 | Temple   | Became a worshipper of Warmaster Okawaru
  4373 | D:5      | Found a sand-covered staircase.
  4381 | Ossuary  | Entered an ossuary
  4657 | D:5      | Reached skill level 3 in Dodging
  4657 | D:5      | Reached skill level 1 in Invocations
  4665 | D:5      | Reached skill level 7 in Fighting
  5017 | D:5      | Noticed Prince Ribbit
  5036 | D:5      | Killed Prince Ribbit
  5102 | D:5      | Reached * piety under Okawaru
  5102 | D:5      | Reached skill level 2 in Invocations
  5302 | D:6      | Reached skill level 7 in Armour
  5350 | D:6      | Noticed Blork the orc
  5357 | D:6      | Killed Blork the orc
  5357 | D:6      | Reached skill level 4 in Dodging
  5404 | D:6      | Noticed Dowan
  5422 | D:6      | Killed Dowan
  5745 | D:6      | Noticed Duvessa
  5875 | D:6      | Reached skill level 8 in Crossbows
  5899 | D:6      | Killed Duvessa
  5899 | D:6      | Reached XP level 9. HP: 34/81 MP: 8/10
  6212 | D:6      | Reached skill level 3 in Invocations
  6266 | D:6      | Reached skill level 8 in Fighting
  6358 | D:6      | Reached ** piety under Okawaru
  6383 | D:6      | Noticed a troll
  6394 | D:6      | Reached skill level 5 in Dodging
  6398 | D:6      | Slain by a troll

Levels and vault maps discovered:
D:1:      lightli_arrival_chessboard, layout_basic
D:2:      layout_basic, chequers_temple_overflow_statue_of_worship,
          uniq_terence, uniq_sigmund
D:3:      layout_loops_ring, first_ration, portal_sewer_entry_c, uniq_natasha
D:4:      layout_basic, uniq_menkaure
D:5:      layout_loops_cross, minmay_temple_entry_junction,
          nicolae_ossuary_entry_monument, roderic_nine_men_s_morris,
          lemuel_altar_in_water, uniq_prince_ribbit1
D:6:      kennysheep_windowed_halls, layout_basic, uniq_blork_the_orc,
          uniq_duvessa
Temple:   regret_index_temple_chain_breaker

Skill      XL: |  1  2  3  4  5  6  7  8  9 |
---------------+----------------------------+-----
Armour         | 1 2 3 4 6 7 |  7.8
Fighting       | 3 4 5 6 7 8 |  8.2
Crossbows      | 5 6 7 8 |  8.4
Dodging        | 4 5 |  5.0
Invocations    | 2 3 |  3.5
Stealth        | |  0.7

Action                   |  1- 3 |  4- 6 |  7- 9 || total
-------------------------+-------+-------+-------++-------
Melee: Short sword       |    53 |    12 |       ||    65
       Headbutt          |     6 |    30 |    60 ||    96
       Dagger            |       |   157 |   269 ||   426
       Flail             |       |     4 |       ||     4
 Fire: Hand crossbow     |     8 |     8 |   133 ||   149
Throw: Dart              |       |     1 |     2 ||     3
Invok: Heroism           |       |       |     4 ||     4
  Use: Scroll            |       |     3 |     4 ||     7
       Potion            |       |     7 |       ||     7
  Eat: Chunk             |       |     5 |    12 ||    17
Armor: Leather armour    |    11 |     1 |       ||    12
       Chain mail        |       |   113 |   162 ||   275
Dodge: Dodged            |    44 |    49 |   191 ||   284

Table legend:
 A = Non-vault XP
 B = Vault XP
 C = Vault XP percentage of total XP
 D = Non-vault monster count
 E = Vault monster count
 F = Vault count percentage of total count
                 A         B        C        D         E       F
            +---------+---------+-------+---------+---------+-------
      Total |    1495 |    2197 |  59.5 |     113 |      62 |  35.4
            +---------+---------+-------+---------+---------+-------
        D:1 |      33 |       0 |   0.0 |      20 |       0 |   0.0
        D:2 |     141 |     267 |  65.4 |      10 |       2 |  16.7
        D:3 |     154 |      76 |  33.0 |      23 |       8 |  25.8
        D:4 |     261 |     183 |  41.2 |      21 |       1 |   4.5
        D:5 |     501 |     283 |  36.1 |      27 |       1 |   3.6
        D:6 |     405 |    1069 |  72.5 |      12 |      18 |  60.0
      Sewer |       0 |     163 | 100.0 |       0 |      16 | 100.0
    Ossuary |       0 |     156 | 100.0 |       0 |      16 | 100.0
            +---------+---------+-------+---------+---------+-------
